 Dungeon Crawl Stone Soup version 0.31-a0-1071-gaead2f62b1 (webtiles) character file.

Game seed: 2763077203357439802

22 Jeffwins the Slasher (level 2, 25/25 HPs)
             Began as an Armataur Monk on Nov 26, 2023.
             Quit the game on level 1 of the Dungeon.
             The game lasted 00:00:51 (228 turns).

Jeffwins the Slasher (Armataur Monk)                 Turns: 228, Time: 00:00:51

Health: 25/25      AC:  5    Str: 16    XL:     2   Next: 68%
Magic:  2/2        EV: 10    Int: 10    God:
Gold:   19         SH:  0    Dex: 12    Spells: 1/1 levels left

rFire   . . .        a - +0 falchion
rCold   . . .        d - orb {light}
rNeg    . . .        b - +0 robe
rPois   .            (no helmet)
rElec   .            (no cloak)
rCorr   .            g - +0 pair of gloves
SInv    .            (no barding)
Will    .....        (no amulet)
Stlth   +            (no ring)
HPRegen 0.24/turn    (no ring)
MPRegen 0.08/turn

%: roll
@: glowing
A: large, deformed body, tough skin 3, armoured tail, roll 1, long tongue
a: no special abilities


You were on level 1 of the Dungeon.
You visited 1 branch of the dungeon, and saw 1 of its levels.

You collected 19 gold pieces.


Innate Abilities, Weirdness & Mutations

Armour fits poorly on your strangely shaped body.
You have extremely tough skin. (AC +3)
You have a long armoured tail.
You roll when moving toward enemies. (Rampage)
Your long tongue fully drains potion bottles. (2x potion effects)


   Skills:
 + Level 2.9 Fighting
 * Level 3.2 Long Blades
 - Level 2.1 Dodging
 + Level 1.2 Stealth


You had one spell level left.
You didn't know any spells.
Your spell library contained the following spells:

 Spells                   Type           Power      Damage    Failure   Level
 Sandblast                Erth           0%         2d4       36%         1
 Passwall                 Tmut/Erth      0%         N/A       50%         2
 Stone Arrow              Conj/Erth      0%         3d7       75%         3
 Brom's Barrelling Bould  Conj/Erth      0%         2d3       98%         4

Inventory:

Hand Weapons
 a - a +0 falchion (weapon)
 h - a +0 longbow
Armour
 b - a +0 robe (worn)
 d - an orb of light (worn)
 g - a +0 pair of gloves (worn)
Jewellery
 k - an amulet of the acrobat
 v - a ring of see invisible
Scrolls
 e - a scroll of fear {unknown}
 j - a scroll of vulnerability {unknown}
Potions
 c - a potion of ambrosia
 f - a potion of enlightenment {unknown}
 i - a potion of brilliance {unknown}
 l - a potion of mutation {unknown}
 m - 2 potions of lignification {unknown}

Dungeon Overview and Level Annotations

Branches:
Dungeon (1/15)

Altars:

........###.#......#...........
................................
........###.##..................
.........##. #..................
.#.#.###.##. #.###..............
#..#..# ##.... ##.............
..###.# #... ##...........#
.#....... #..#.###..........##
.#...##.. #.....@..........##
.#...####.#..#....######.†....#
.#.............#### ###....#
.#†............ ......
.............. .###.
##...###..##.. .. .......... ..
.. ##...####.#.# ... .†.###


There were no monsters in sight!


Message History

j - a scroll labelled RAGILLO NEAL;
k - an amulet of the acrobat
Found 19 gold pieces.
Found 2 blue potions.
l - a fizzy coppery potion
m - 2 blue potions A hobgoblin comes into view.
A hobgoblin is nearby!
A hobgoblin is nearby!
A hobgoblin is nearby!
You roll towards the hobgoblin!
Found a book of Geomancy.
You roll towards the hobgoblin!
You barely miss the hobgoblin. The hobgoblin closely misses you.
You hit the hobgoblin.
The hobgoblin is almost dead.
The hobgoblin hits you but does no damage.
You hit the hobgoblin.
You kill the hobgoblin!
No target in view!
No target in view!
No target in view!
No target in view!
No target in view!
No target in view!
No target in view!
You now have 19 gold pieces.
You pick up a book of Geomancy and begin reading...
You add the spells Sandblast, Passwall, Stone Arrow and Brom's Barrelling Boulder to your library.
Unknown command.
Unknown command.
Are you sure you want to abandon this character and quit the game? (Confirm with "yes".)

Skill      XL: |  1  2 |
---------------+-------+-----
Long Blades    | 3 |  3.2
Stealth        | 1 |  1.2
Fighting       | |  2.9
Dodging        | |  2.1

Action                     || total
---------------------------++-------
  Melee: Falchion          ||    46
         Tailslap          ||     4
 Armour: Robe              ||    37
  Dodge: Dodged            ||    25

Levels and vault maps discovered:
D:1:      kennysheep_arrival_seaside, layout_rooms, roderic_roman_lattice,
          glass_columns_c

Notes
Turn   | Place    | Note
-------+----------+-------------------------------------------
     0 | D:1      | Jeffwins the Armataur Monk began the quest for the Orb.
     0 | D:1      | Reached XP level 1. HP: 18/18 MP: 1/1
    96 | D:1      | Reached skill level 3 in Long Blades
    97 | D:1      | Reached XP level 2. HP: 25/25 MP: 2/2
   102 | D:1      | Reached skill level 1 in Stealth
   228 | D:1      | Quit the game

Vanquished Creatures
  A dart slug (D:1)
  A ball python (D:1)
  An endoplasm (D:1)
  A giant cockroach (D:1)
  2 goblins (D:1)
  4 hobgoblins (D:1)
  2 kobolds (D:1)
  2 bats (D:1)
  2 frilled lizards (D:1)
  3 rats (D:1)
19 creatures vanquished.

Table legend: (Time is in decaauts)
 A = Elapsed time spent in this place.
 B = Non-inter-level travel time spent in this place.
 C = Inter-level travel time spent in this place.
 D = Time resting spent in this place.
 E = Time spent auto-exploring this place.
 F = Levels seen in this place.
 G = Mean time per level.
                   A        B        C        D        E       F      G
               +--------+--------+--------+--------+--------+-----+--------+
         Total |    235 |    235 |      0 |      0 |    134 |   1 |  235.0 |
       Dungeon |    235 |    235 |      0 |      0 |    134 |   1 |  235.0 |
               +--------+--------+--------+--------+--------+-----+--------+

Top non-repeatable levels by time:
     D:1: 235 daAuts

Table legend:
 A = Non-vault XP
 B = Vault XP
 C = Vault XP percentage of total XP
 D = Non-vault monster count
 E = Vault monster count
 F = Vault count percentage of total count
                 A         B        C        D         E       F
            +---------+---------+-------+---------+---------+-------
      Total |      32 |       0 |   0.0 |      19 |       0 |   0.0
            +---------+---------+-------+---------+---------+-------
        D:1 |      32 |       0 |   0.0 |      19 |       0 |   0.0
            +---------+---------+-------+---------+---------+-------
